 Dungeon Crawl Stone Soup version 0.31-a0-662-g684573625c (webtiles) character file.

Game seed: 18318151402828979601

117 ytrimaz the Insei (level 4, -1/32 HPs)
             Began as a Demonspawn Shapeshifter on Aug 31, 2023.
             Slain by a cerulean imp
             ... wielding a +2 spear
             ... summoned by Natasha
              (6 damage)
             ... on level 2 of the Dungeon.
             The game lasted 00:01:40 (1141 turns).

ytrimaz the Insei (Demonspawn Shapeshifter)         Turns: 1141, Time: 00:01:41

Health: -1/32      AC:  2    Str: 14    XL:     4   Next: 71%
Magic:  4/4        EV: 13    Int: 13    God:
Gold:   87         SH:  4    Dex: 15    Spells: 3/3 levels left

rFire   . .          .
                       - Unarmed
rCold   . . .        (no shield)
rNeg    . . .        a - +0 animal skin
rPois   +            (helmet currently unavailable)
rElec   .            (cloak currently unavailable)
rCorr   .            (gloves currently unavailable)
SInv    .            (boots currently unavailable)
Will    .....        (no amulet)
Stlth   +            g - ring of poison resistance
HPRegen 1.25/turn    (no ring)
MPRegen 0.09/turn

%: no passive effects
@: beast-form, attractive
A: beast (slay +2), powered by death 1, big brain 1, condensation shield
a: Begin Untransformation


You were on level 2 of the Dungeon.
You were a hulking beast.
You visited 1 branch of the dungeon, and saw 2 of its levels.

You collected 87 gold pieces.


Innate Abilities, Weirdness & Mutations

You are a hulking beast.
Your limbs bulge with bestial killing power. (Slay +2)
You regenerate a little health from kills.
You have an unusually large brain. (Int +2)
A meltable shield of frost defends you. (SH +4)


   Skills:
 - Level 1.0 Fighting
 + Level 3.0 Dodging
 + Level 3.6 Unarmed Combat
 + Level 3.5 Shapeshifting


You had 3 spell levels left.
You didn't know any spells.
Your spell library contained the following spells:

 Spells                   Type           Power      Damage    Failure   Level
 Summon Forest            Summ/Tloc      0%         N/A       100%        5
 Eringya's Noxious Bog    Tmut/Pois      0%         4d6       100%        6
 Summon Hydra             Summ           0%         N/A       100%        7

Inventory:

Armour
 a - a +0 animal skin (worn)
Jewellery
 g - a ring of poison resistance (left hand)
   (You found it on level 1 of the Dungeon)
Talismans
 c - a beast talisman (active)
 d - a flux talisman
Wands
 k - a wand of flame (15)
   (You took it off Jessica on level 2 of the Dungeon)
Scrolls
 b - 2 scrolls of identify {unknown}
 e - 2 scrolls of teleportation {unknown}
 i - a scroll of amnesia {unknown}
 j - a scroll of enchant armour {unknown}
 l - 2 scrolls of poison {unknown}
Potions
 f - a potion of enlightenment {unknown}
 h - 2 potions of attraction

Dungeon Overview and Level Annotations

Branches:
Dungeon (2/15) Zot: 10867

Altars:

Annotations:
D:2 Natasha, Robin

#...#...# ###.#..###..
..###...# #..........
###[#...#####...##..... .
#...#...##....#......<...
..###...##....####.......
.##.#...#.....# ......
....#.........# ....
#..##.........#####..#
##.[#.........##h)gg##
.##.#.........##g##..##.
..###..........5hg......
...##...#.......#g.#.ยง#..
....###.......#..#.# ยง#.
..#+# ###....#...........
### ...##..#........ . #
.......##..#.....# .......
...._......#


You could see Robin, Natasha, a cerulean imp (summoned), a hobgoblin (strong)
and 3 goblins.


Message History

๐Ÿ˜ฎ HP[-3]
You take 3 damage, and now have 20/32 hp.
Unknown command.
You closely miss the goblin. The goblin hits you but does no damage.
The goblin hits you with a +0 club.
The worm is attracted toward you. ๐Ÿ˜ฎ HP[-2]
You take 2 damage, and now have 18/32 hp.
You barely miss the goblin. The goblin closely misses you.
You block the goblin's attack. You block the worm's attack.
Unknown command.
You hit the goblin. The goblin barely misses you.
The goblin closely misses you.
You hit the worm. The worm closely misses you.
The goblin hits you with a +0 dagger.
* * * LOW HITPOINT WARNING * * *
You block the goblin's attack. ๐Ÿ˜จ HP[-2]
You take 2 damage, and now have 16/32 hp.
You hit the worm but do no damage. The goblin hits you but does no damage.
The goblin closely misses you. The worm closely misses you.
Unknown command.
You hit the worm. The goblin hits you but does no damage.
A hobgoblin comes into view.
The goblin barely misses you. The hobgoblin is attracted toward you.
Unknown command.
You hit the goblin.
You kill the goblin!
The worm closely misses you. The goblin misses you.
The goblin is attracted toward you. ๐Ÿ˜ฎ HP[+1]
You block the goblin's attack.
Robin roars a battlecry!
The goblins go into a battle-frenzy!
The worm is attracted toward you. Robin is attracted toward you.
The goblin is attracted toward you.
You see here a +0 club.
Unknown command. ๐Ÿ˜ฎ HP[+2]
You regained 2 hp, and now have 19/32 hp.
The goblin shouts!
You hit the goblin.
You kill the goblin!
You block the worm's attack. The goblin is attracted toward you.
Natasha is attracted toward you. ๐Ÿ˜ฎ HP[+1]
You hit the goblin. ๐Ÿ˜ฎ HP[+1] Unknown command.
You hit the goblin. The goblin misses you.
You block the worm's attack. ๐Ÿ˜ฎ HP[+1]
You punch the goblin!
You kill the goblin!
Natasha casts a spell.
The worm bites you!
* * * LOW HITPOINT WARNING * * *
๐Ÿ˜จ HP[-6]
You take 6 damage, and now have 16/32 hp.
You hit the worm. The hobgoblin hits you.
* * * LOW HITPOINT WARNING * * *
You punch the worm!
The cerulean imp hits you from afar with a +2 spear.
* * * LOW HITPOINT WARNING * * *
The hobgoblin misses you.
Robin roars a battlecry!
The hobgoblin goes into a battle-frenzy!
You block the worm's attack. ๐Ÿ˜จ HP[-3]
You take 3 damage, and now have 13/32 hp.
You hit the worm.
The cerulean imp hits you from afar with a +2 spear.
* * * LOW HITPOINT WARNING * * *
The hobgoblin barely misses you.
Unknown command. ๐Ÿ˜จ HP[-2]
You take 2 damage, and now have 11/32 hp.
You hit the worm.
You kill the worm!
The cerulean imp hits you from afar with a +2 spear.
* * * LOW HITPOINT WARNING * * *
๐Ÿ˜ฑ HP[-5]
You take 5 damage, and now have 6/32 hp.
You barely miss the hobgoblin. You block the cerulean imp's attack.
You block the hobgoblin's attack. The goblin barely misses you.
Unknown command.
You punch the hobgoblin!
You kill the hobgoblin!
The cerulean imp hits you from afar with a +2 spear.
* * * LOW HITPOINT WARNING * * *
Your Dodging skill increases to level 3! ๐Ÿ˜ฑ HP[-2]
You take 2 damage, and now have 4/32 hp.
Unknown command.
You barely miss the goblin.
The cerulean imp hits you from afar with a +2 spear.
* * * LOW HITPOINT WARNING * * *
The goblin barely misses you. x2
You hit the goblin.
You kill the goblin!
The cerulean imp hits you from afar with a +2 spear.
You die...

Skill      XL: |  1  2  3  4 |
---------------+-------------+-----
Dodging        | 2 3 |  3.0
Unarmed Combat | 3 |  3.6
Shapeshifting  | 3 |  3.5
Fighting       | |  1.0

Action                     |  1- 3 |  4- 6 || total
---------------------------+-------+-------++-------
  Melee: Unarmed           |    82 |    52 ||   134
         Punch             |     5 |     2 ||     7
    Use: Potion            |     1 |     1 ||     2
   Stab: Sleeping          |     2 |       ||     2
 Armour: Animal skin       |    39 |    31 ||    70
         Skin              |     2 |       ||     2
  Dodge: Dodged            |    41 |    31 ||    72
  Block: Other             |    12 |    12 ||    24

Levels and vault maps discovered:
D:1:      zelgadis_glass_arrival_small, layout_rooms
D:2:      minmay_razor_zed, layout_rooms, hellmonk_ecumenical_altar_blasted,
          uniq_natasha, uniq_jessica, uniq_robin

Notes
Turn   | Place    | Note
-------+----------+-------------------------------------------
     0 | D:1      | ytrimaz the Demonspawn Shapeshifter began the quest for the
                  | Orb.
     0 | D:1      | Reached XP level 1. HP: 15/15 MP: 1/1
     0 | D:1      | magus.rc [v1.9.6]
    40 | D:1      | You fall into a shaft and drop 1 floor!
    67 | D:2      | Noticed Jessica
    71 | D:2      | Killed Jessica
    72 | D:2      | Reached skill level 2 in Dodging
    72 | D:2      | Reached skill level 3 in Unarmed Combat
    72 | D:2      | Reached skill level 3 in Shapeshifting
    72 | D:2      | Gained mutation: You regenerate a little health from kills.
                  | [demonic ancestry]
    72 | D:2      | Reached XP level 2. HP: 21/21 MP: 2/2
    72 | D:2      | Gained mutation: A meltable shield of frost defends you.
                  | (SH +4) [demonic ancestry]
    72 | D:2      | Reached XP level 3. HP: 26/26 MP: 3/3
   152 | D:1      | You add the spells Summon Forest, Eringya's Noxious Bog and
                  | Summon Hydra to your library.
   421 | D:1      | HP: 5/26 [hobgoblin (4)]
   422 | D:1      | HP: 1/26 [hobgoblin (4)]
   699 | D:2      | Found a faded altar of an unknown god.
   701 | D:2      | Noticed Robin
   790 | D:2      | Gained mutation: You have an unusually large brain. (Int
                  | +2) [demonic ancestry]
   790 | D:2      | Reached XP level 4. HP: 31/32 MP: 4/4
   926 | D:2      | Noticed Natasha
   940 | D:2      | Killed Natasha
  1116 | D:2      | Noticed Natasha
  1137 | D:2      | HP: 6/32 [cerulean imp/+2 spear[Natasha] (5)]
  1140 | D:2      | Reached skill level 3 in Dodging
  1141 | D:2      | Slain by a cerulean imp

Vanquished Creatures
  Jessica (D:2)
  Natasha (D:2)
  An adder (D:2)
  2 worms (D:2)
  A dart slug (D:1)
  2 ball pythons (D:2)
  3 bats
  4 endoplasms
  2 giant cockroaches (D:2)
  11 goblins
  7 hobgoblins
  A frilled lizard (D:1)
  7 kobolds
  5 rats
48 creatures vanquished.

Table legend:
 A = Non-vault XP
 B = Vault XP
 C = Vault XP percentage of total XP
 D = Non-vault monster count
 E = Vault monster count
 F = Vault count percentage of total count
                 A         B        C        D         E       F
            +---------+---------+-------+---------+---------+-------
      Total |      78 |      92 |  54.1 |      34 |      14 |  29.2
            +---------+---------+-------+---------+---------+-------
        D:1 |      41 |       2 |   4.7 |      23 |       1 |   4.2
        D:2 |      37 |      90 |  70.9 |      11 |      13 |  54.2
            +---------+---------+-------+---------+---------+-------

Skill      XL: |  1  2  3  4 |
---------------+-------------+-----
Dodging        | 2 3 |  3.0
Unarmed Combat | 3 |  3.6
Shapeshifting  | 3 |  3.5
Fighting       | |  1.0

Action                     |  1- 3 |  4- 6 || total
---------------------------+-------+-------++-------
  Melee: Unarmed           |    82 |    52 ||   134
         Punch             |     5 |     2 ||     7
    Use: Potion            |     1 |     1 ||     2
   Stab: Sleeping          |     2 |       ||     2
 Armour: Animal skin       |    39 |    31 ||    70
         Skin              |     2 |       ||     2
  Dodge: Dodged            |    41 |    31 ||    72
  Block: Other             |    12 |    12 ||    24

Illustrated notes

Table legend:
 A = Kills in this place as a percentage of kills in the entire game.
 B = Kills by you in this place as a percentage of kills by you in the entire game.
 C = Kills by friends in this place as a percentage of kills by friends in the entire game.
 D = Other kills in this place as a percentage of other kills in the entire game.
 E = Experience gained in this place as a percentage of experience gained in the entire game.
 F = Experience gained in this place divided by the number of levels of this place that you have seen.
                   A       B       C       D       E      F
               +-------+-------+-------+-------+-------+----------------------
         Total | 100.0 | 100.0 |   N/A |   N/A | 100.0 |  85.0
       Dungeon | 100.0 | 100.0 |   N/A |   N/A | 100.0 |  85.0
               +-------+-------+-------+-------+-------+----------------------

Table legend: (Time is in decaauts)
 A = Elapsed time spent in this place.
 B = Non-inter-level travel time spent in this place.
 C = Inter-level travel time spent in this place.
 D = Time resting spent in this place.
 E = Time spent auto-exploring this place.
 F = Levels seen in this place.
 G = Mean time per level.
                   A        B        C        D        E       F      G
               +--------+--------+--------+--------+--------+-----+--------+
         Total |   1132 |   1080 |     52 |      0 |    756 |   2 |  566.0 |
       Dungeon |   1132 |   1080 |     52 |      0 |    756 |   2 |  566.0 |
               +--------+--------+--------+--------+--------+-----+--------+

Top non-repeatable levels by time:
     D:1: 700 daAuts
     D:2: 432 daAuts
